 Dungeon Crawl Stone Soup version 0.21-a0-88-g13b9641 (webtiles) character file.

34 sagitran the Magician (level 3, -2/27 HPs)
             Began as a Gnoll Wanderer on June 27, 2017.
             Slain by an orc priest
             ... wielding a +0 trident
              (5 damage)
             ... on level 3 of the Dungeon.
             The game lasted 00:12:19 (1147 turns).

sagitran the Magician (Gnoll Wanderer)              Turns: 1147, Time: 00:12:20

Health: -2/27      AC:  5    Str:  9    XL:     3   Next: 31%
Magic:  17/18      EV:  9    Int: 16    God:
Gold:   66         SH:  0    Dex: 12    Spells: 3/12 levels left

rFire    . . .     SeeInvis .   n - +3 short sword (drain)
rCold    . . .     Gourm    .   (no shield)
rNeg     . . .     Faith    .   b - +0 ring mail
rPois    .         Spirit   .   (no helmet)
rElec    .         Reflect  .   (no cloak)
rCorr    .         Harm     .   (no gloves)
MR       .....                  (no boots)
Stlth    +.........             t - amulet of regeneration
HPRegen  0.49/turn              o - ring of magical power
MPRegen  0.16/turn              (no ring)

@: very slightly contaminated
A: short attention span, fangs 1, strong nose
a: no special abilities


You were on level 3 of the Dungeon.
You were completely stuffed.

You visited 1 branch of the dungeon, and saw 3 of its levels.

You collected 66 gold pieces.

Inventory:

Hand Weapons
 d - a +0 blowgun
 g - a +0 hand axe
 j - a +0 mace
 n - a +3 short sword of draining (weapon)
Missiles
 c - 19 poisoned needles
 l - 56 stones (quivered)
Armour
 b - a +0 ring mail (worn)
Magical Staves
 s - an uncursed staff of summoning
Jewellery
 i - an uncursed amulet of the gourmand
 o - a ring of magical power (left hand)
 t - an amulet of regeneration (around neck)
Potions
 e - a potion of haste {unknown}
 m - a potion of flight {unknown}
 p - a potion of mutation {unknown}
 r - a potion of invisibility {unknown}
Books
 a - a book of Frost

   Spells                             Type                      Level
   a - Freeze                         Ice                          1
   b - Throw Frost                    Conjuration/Ice              2
   c - Ozocubu's Armour               Charms/Ice                   3
   d - Throw Icicle                   Conjuration/Ice              4
   e - Summon Ice Beast               Ice/Summoning                4
 q - a book of Maledictions

   Spells                             Type                      Level
   a - Corona                         Hexes                        1
   b - Ensorcelled Hibernation        Hexes/Ice                    2
   c - Confuse                        Hexes                        3
   d - Tukima's Dance                 Hexes                        3
   e - Dazzling Spray                 Conjuration/Hexes            3
Comestibles
 f - 2 bread rations
 h - a royal jelly
 k - a meat ration


   Skills:
 + Level 2.1 Fighting
 + Level 1.6 Short Blades
   Level 1.7 Crossbows
 + Level 2.2 Throwing
 + Level 1.9 Armour
 + Level 0.4 Dodging
 + Level 1.5 Stealth
 + Level 5.1 Spellcasting
 + Level 3.2 Charms
 + Level 1.7 Ice Magic


You had 3 spell levels left.
You knew the following spells:

 Your Spells              Type           Power        Failure   Level  Hunger
a - Freeze                Ice            #...         21%         1    None
b - Throw Frost           Conj/Ice       #.....       41%         2    #......
c - Corona                Hex            #......      38%         1    None
d - Ensorcelled Hibernat  Hex/Ice        #.....       41%         2    #......
e - Ozocubu's Armour      Chrm/Ice       ##......     41%         3    ###....


Dungeon Overview and Level Annotations

Branches:
Dungeon (3/15)

Altars:
Trog


Innate Abilities, Weirdness & Mutations

You have a short attention span.
You have very sharp teeth.
Your uncanny sense of smell can sniff out nearby items.


Message History

The orc priest hits you from afar with a trident.
The orc hits you but does no damage.
You hit the orc.
You kill the orc!
The orc closely misses you. The orc priest closely misses you.
Number of times to repeat, then command key: You must enter the number of times for the command to repeat.
Number of times to repeat, then command key: You must enter the number of times for the command to repeat.
You closely miss the orc. The orc hits you but does no damage.
The orc priest closely misses you. The orc hits you with a club.
You hit the orc.
The orc is almost dead.
The orc hits you with a club.
* * * LOW HITPOINT WARNING * * *
The orc hits you with a dagger.
* * * LOW HITPOINT WARNING * * *
The orc closely misses you.
The orc priest hits you from afar with a trident.
You die...

### #... #...# .....
#### ...... ...∆
...>..#### #.# #
#.......o###(####.#
#......@oo....(...##
..#.####o....†.?....
#..##.####.##
#.........%..
##.##.####.## #.##.#
#.##<# #.##.# ..#


You could see an orc priest and 3 orcs.

Vanquished Creatures
  An adder (D:3)
  An orc (D:3)
  2 giant cockroaches
  4 hobgoblins
  3 kobolds (D:2)
  2 bats (D:2)
  3 frilled lizards (D:1)
  2 goblins (D:1)
  6 rats
24 creatures vanquished.

Notes
Turn   | Place    | Note
-------+----------+-------------------------------------------
     0 | D:1      | sagitran the Gnoll Wanderer began the quest for the Orb.
     0 | D:1      | sagitran set off with: a book of Frost, a +0 ring mail, 14 poisoned needles, a +0 blowgun, a bread ration
     0 | D:1      | Reached XP level 1. HP: 16/16 MP: 5/5
   103 | D:1      | Reached skill level 4 in Spellcasting
   231 | D:1      | Reached XP level 2. HP: 21/22 MP: 7/7
   247 | D:1      | Learned a level 1 spell: Freeze
   250 | D:1      | Learned a level 2 spell: Throw Frost
   526 | D:2      | Learned a level 1 spell: Corona
   529 | D:2      | Learned a level 2 spell: Ensorcelled Hibernation
   826 | D:2      | Reached skill level 5 in Spellcasting
   872 | D:2      | Found a bloodstained altar of Trog.
  1122 | D:3      | Reached skill level 1 in Short Blades
  1122 | D:3      | Reached XP level 3. HP: 27/27 MP: 9/9
  1130 | D:3      | Learned a level 3 spell: Ozocubu's Armour
  1147 | D:3      | Slain by an orc priest

Vault maps used:
D:1:      minmay_arrival_five_plusses, st_stairs_6
D:2:      bloody_trog
D:3:      first_bread

Skill      XL: |  1  2 |
---------------+-------+-----
Spellcasting   | 4 5 |  5.1
Throwing       | 2 |  2.2
Fighting       | 2 |  2.1
Short Blades   | 1 |  1.6
Crossbows      | |  1.7
Armour         | |  1.9
Dodging        | |  0.4
Stealth        | |  1.5
Charms         | |  3.2
Ice Magic      | |  1.7

Action                   || total
-------------------------++-------
Melee: Dagger            ||    11
       Short sword       ||    32
       Bite              ||     1
 Fire: Blowgun           ||    19
  Use: Scroll            ||     3
  Eat: Bread ration      ||     2
Armor: Ring mail         ||    26
Dodge: Dodged            ||    38
